 Dungeon Crawl Stone Soup version 0.21.1-1-g345015f (webtiles) character file.

184 troglodite the Shield-Bearer (level 5, 0/47 HPs)
             Began as a Minotaur Fighter on Feb 28, 2018.
             Was an Initiate of Gozag.
             Killed by nerve-wracking pain
             ... invoked by a shadow imp
              (10 damage)
             ... on level 4 of the Dungeon.
             The game lasted 00:05:58 (2329 turns).

troglodite the Shield-Bearer (Minotaur Fighter)     Turns: 2329, Time: 00:05:59

Health: 0/47       AC:  7    Str: 20    XL:     5   Next: 36%
Magic:  4/4        EV:  8    Int:  5    God:    Gozag
Gold:   242        SH:  9    Dex: 11    Spells: 4/4 levels left

rFire    . . .     SeeInvis .   a - +0 long sword
rCold    . . .     Gourm    .   c - +0 shield
rNeg     . . .     Faith    .   b - +0 scale mail
rPois    .         Spirit   .   (helmet restricted)
rElec    .         Reflect  .   (no cloak)
rCorr    .         Harm     .   (no gloves)
MR       .....                  (no boots)
Stlth    ..........             (no amulet)
HPRegen  0.15/turn              (no ring)
MPRegen  0.09/turn              (no ring)

@: no status effects
A: retaliatory headbutt, horns 2
a: Potion Petition, Call Merchant, Bribe Branch, Renounce Religion


You were on level 4 of the Dungeon.
You worshipped Gozag.
Gozag was aware of your devotion.
You were very hungry.

You visited 1 branch of the dungeon, and saw 4 of its levels.

You collected 254 gold pieces.
You paid 12 gold pieces to Gozag.

Inventory:

Hand Weapons
 a - a +0 long sword (weapon)
Armour
 b - a +0 scale mail (worn)
 c - a +0 shield (worn)
Scrolls
 e - 2 scrolls of fear {unknown}
 h - 4 scrolls of identify {unknown}
 j - 2 scrolls of remove curse {unknown}
 q - a scroll of noise {unknown}
 r - a scroll of enchant armour {unknown}
 s - a scroll of teleportation {unknown}
Potions
 d - 2 potions of might
 g - 2 potions of agility {unknown}
 i - 3 potions of curing {unknown}
 k - 2 potions of brilliance {unknown}
 l - 3 potions of heal wounds {unknown}
 m - a potion of ambrosia {unknown}
 n - a potion of mutation {unknown}
 o - a potion of invisibility {unknown}
 p - a potion of resistance {unknown}
Comestibles
 f - 2 rations


   Skills:
 * Level 4.5 Fighting
 + Level 3.6 Long Blades
 * Level 4.7 Armour
 * Level 1.8 Dodging
 * Level 4.8 Shields


You had 4 spell levels left.
You didn't know any spells.

Dungeon Overview and Level Annotations

Branches:
Dungeon (4/15)             Temple (0/1) D:4

Altars:
Cheibriados
Gozag
Makhleb
Okawaru
Sif Muna
Xom
The Shining One


Innate Abilities, Weirdness & Mutations

You reflexively headbutt those who attack you in melee.
You have a pair of horns on your head.


Message History

The quokka misses you.
The frilled lizard bites you but does no damage.
The shadow imp hits you but does no damage.
You closely miss the shadow imp.
The shadow imp is severely wounded.
You block the quokka's attack. The frilled lizard barely misses you.
You riposte.
Your shield prevents you from hitting the frilled lizard.
Your headbutt misses the frilled lizard.
The shadow imp gestures at you.
You barely resist.
The quokka bites you but does no damage.
You closely miss the shadow imp. Your headbutt misses the shadow imp.
The shadow imp is severely wounded.
The frilled lizard barely misses you. The quokka closely misses you.
You riposte.
You closely miss the quokka. The shadow imp gestures at you.
Pain shoots through your body!
You die...
Your body crumbles into a pile of gold.

### .. #.# # # #
####..#.#.# #.
#)....(..[# #.#
#$l$.⌠..#.#..
#..###@5⌠..##....
#....#r_.##.....
##..#######....
##..####....#
##.........#
####......#
#......#####
#......#...
#......#.#######


You could see a shadow imp, a quokka and a frilled lizard.

Vanquished Creatures
  A crimson imp (D:3)
  An orc priest (D:4)
  A bullfrog skeleton (D:4)
  2 adders
  An ooze (D:1)
  3 worms (D:2)
  A dart slug (D:2)
  4 leopard geckos
  4 orcs
  4 giant cockroaches
  3 goblins
  10 hobgoblins
  3 jackals (D:1)
  2 quokkas
  2 ball pythons
  4 bats
  3 frilled lizards (D:1)
  3 kobolds
  A rat (D:1)
53 creatures vanquished.

Notes
Turn   | Place    | Note
-------+----------+-------------------------------------------
     0 | D:1      | troglodite the Minotaur Fighter began the quest for the Orb.
     0 | D:1      | Reached XP level 1. HP: 19/19 MP: 0/0
    55 | D:1      | Reached XP level 2. HP: 26/27 MP: 1/1
   404 | D:1      | Reached XP level 3. HP: 33/33 MP: 2/2
   817 | D:2      | Reached skill level 1 in Dodging
   950 | D:2      | Found an opulent altar of Gozag.
   951 | D:2      | Found a glowing golden altar of the Shining One.
   957 | D:2      | Became a worshipper of Gozag Ym Sagoz the Greedy
  1013 | D:2      | Found a snail-covered altar of Cheibriados.
  1456 | D:2      | Reached XP level 4. HP: 40/40 MP: 3/3
  1724 | D:3      | Found a burning altar of Makhleb.
  1725 | D:3      | Found a shimmering altar of Xom.
  1943 | D:3      | Found a deep blue altar of Sif Muna.
  2140 | D:4      | Found a staircase to the Ecumenical Temple.
  2151 | D:4      | Reached XP level 5. HP: 22/47 MP: 4/4
  2317 | D:4      | Found an iron altar of Okawaru.
  2329 | D:4      | Killed from afar by a shadow imp

Skill      XL: |  1  2  3 |
---------------+----------+-----
Armour         | 4 |  4.7
Shields        | 4 |  4.8
Fighting       | 4 |  4.5
Dodging        | 1 |  1.8
Long Blades    | 3 |  3.6

Action                   |  1- 3 |  4- 6 || total
-------------------------+-------+-------++-------
Melee: Long sword        |   103 |    40 ||   143
       Headbutt          |    16 |     6 ||    22
  Eat: Ration            |       |     1 ||     1
Armor: Scale mail        |    34 |    32 ||    66
Dodge: Dodged            |    33 |    20 ||    53
Block: Shield            |    55 |    39 ||    94
       Rpst.: Long sword |     7 |     6 ||    13
